 Dungeon Crawl Stone Soup version 0.25-a0-1024-gbfbf38f2cb (webtiles) character file.

Game seed: 13209195718243512208, levelgen mode: deterministic

5 Esekla the Skirmisher (level 1, -3/19 HPs)
             Began as a Formicid Abyssal Knight on May 12, 2020.
             Was a Follower of Lugonu.
             Slain by a thrashing horror (7 damage)
             ... on level 1 of the Abyss.
             The game lasted 00:01:34 (139 turns).

Esekla the Skirmisher (Formicid Abyssal Knight)      Turns: 139, Time: 00:01:35

Health: -3/19      AC:  3    Str: 16    XL:     1   Next: 88%
Magic:  2/2        EV: 11    Int: 11    God:    Lugonu [*.....]
Gold:   0          SH:  0    Dex: 10    Spells: 0/0 levels left

rFire    . . .     SeeInvis +   a - +1 falchion
rCold    . . .     Gourm    .   (no shield)
rNeg     . . .     Faith    .   b - +0 leather armour
rPois    .         Spirit   .   (helmet unavailable)
rElec    .         Reflect  .   (no cloak)
rCorr    .         Harm     .   (no gloves)
MR       .....                  (no boots)
Stlth    +.........             (no amulet)
HPRegen  0.06/turn              (no ring)
MPRegen  0.08/turn              (no ring)

@: no status effects
A: permanent stasis, dig shafts and tunnels, four strong arms, antennae 3
a: Dig, Shaft Self, Depart the Abyss, Renounce Religion


You were on level 1 of the Abyss.
You worshipped Lugonu.
Lugonu was aware of your devotion.
You were not hungry.

You visited 0 branches of the dungeon, and saw 0 of its levels.
You visited the Abyss 1 time.

Inventory:

Hand Weapons
 a - a +1 falchion (weapon)
Armour
 b - a +0 leather armour (worn)
Comestibles
 c - a ration


   Skills:
 * Level 3.7 Fighting
 * Level 2.0 Long Blades
 + Level 2.1 Armour
 + Level 0.8 Dodging
 + Level 2.1 Invocations


You couldn't memorise any spells.
You didn't know any spells.
Your spell library was empty.

Dungeon Overview and Level Annotations

Branches:
Dungeon (0/15)

Altars:


Innate Abilities, Weirdness & Mutations

You cannot be hasted, slowed, berserked, paralysed or teleported.
You can dig through walls and to a lower floor.
Your four strong arms can wield two-handed weapons with a shield.
You have a pair of large antennae on your head. (SInv)


Message History

The raiju barks!
A quasit comes into view.
The quasit gives a chilling moan.
You hear a roar!
Found a scroll labeled VUOCINOBRU.
A thrashing horror comes into view.
The quasit barely misses you. x2; The quasit closely misses you.
The thrashing horror tramples you!
Ouch! That really hurt!
You stumble backwards!
The raiju bursts into living lightning!
The living lightning misses you.
The raiju blinks!
The thrashing horror roars!
The thrashing horror tramples you.
* * * LOW HITPOINT WARNING * * *
You hold your ground!
The thrashing horror tramples you.
* * * LOW HITPOINT WARNING * * *
You hold your ground!
The thrashing horror roars!
The thrashing horror tramples you!
You die...

#....##...#..... # #.#
## #....##....###.#
#.### #.##............ #
# ...##..#...###..###
....#.#..#..#..#?.#.....
.#.##..# #.{#......#..#
...#...####X##..5...#
#..#..#....#..#Xh.#....#
##. .### ..#.###@## ..##
#.# #.###.#..##....# #.
###.##. ..##..#......#
.#####.. . ..#.....# ..
#..###..#.#..## .#.
..#.###.##..## #..
.#.ยง..#.# #.. #
....##.## #. .#. .# .#.
##


You could see a thrashing horror, a raiju and a quasit.

Vanquished Creatures
  An ufetubus (Abyss:1)
1 creature vanquished.

Notes
Turn   | Place    | Note
-------+----------+-------------------------------------------
     0 | Abyss:1  | Esekla the Formicid Abyssal Knight began the quest for the
                  | Orb.
     0 | Abyss:1  | Reached XP level 1. HP: 18/18 MP: 2/2
    93 | Abyss:1  | Noticed a stone giant skeleton
   124 | Abyss:1  | Noticed a raiju
   124 | Abyss:1  | Noticed a large abomination
   133 | Abyss:1  | Noticed a quasit
   135 | Abyss:1  | Noticed a thrashing horror
   139 | Abyss:1  | Slain by a thrashing horror

Illustrated notes

Levels and vault maps discovered:
Abyss:1

Action                   || total
-------------------------++-------
Melee: Falchion          ||     1
Dodge: Dodged            ||     4

Table legend:
 A = Non-vault XP
 B = Vault XP
 C = Vault XP percentage of total XP
 D = Non-vault monster count
 E = Vault monster count
 F = Vault count percentage of total count
                 A         B        C        D         E       F
            +---------+---------+-------+---------+---------+-------
      Total |       8 |       0 |   0.0 |       1 |       0 |   0.0
            +---------+---------+-------+---------+---------+-------
    Abyss:1 |       8 |       0 |   0.0 |       1 |       0 |   0.0
            +---------+---------+-------+---------+---------+-------
